AoeStats
← vincent.barre29

Black Forest

509331812Analyzed
4v4 RM · 6d ago on Sep 26, 2026· 68m 33s· 8 players
Game mode
Random Map
Map size
Large (8 player)
Population
200
Speed
Normal
Resources
Standard
Victory
Conquest
Starting age
Dark Age
Ending age
Imperial Age
RankedLock teamsTeams togetherTeam positionsShared explorationLock speedFull tech treeHidden civsTurbo modeCheats
Victory
Defeat
🇺🇸 Franks · United States
945
+13
🇦🇺 Goths · Australia
944
+14
🇮🇳 Hindustanis · India
930
+14
860
+17
🇬🇧 Danes · United Kingdom
963
-17
🇫🇷 Chinese · France
912
-16
🇪🇸 Hindustanis · Spain
865
-14
🇫🇷 Persians · France
810
-11
DavinHo_Abascal_
10:39 Feudal Age
15:45 Castle Age
14:15 Double-Bit Axe
14:25 Horse Collar
18:41 Bow Saw
18:54 Heavy Plow
21:44 Gold Mining
21:56 Stone Mining
24:33 Stone Shaft Mining
25:26 Gold Shaft Mining
25:19 Caravan
30:27 Wheelbarrow
29:38 Town Watch
31:34 Scale Mail Armor
31:44 Forging
31:25 Fletching
31:35 Padded Archer Armor
31:41 Scale Barding Armor
31:31 Loom
34:51 Imperial Age
35:31 Chain Mail Armor
35:52 Iron Casting
35:12 Bodkin Arrow
35:33 Leather Archer Armor
35:39 Chain Barding Armor
38:00 Two-Man Saw
37:04 Elite Ghulam
37:45 Grand Trunk Road
37:46 Shatagni
38:07 Conscription
38:24 Hoardings
38:51 Blast Furnace
37:40 Heavy Camel Rider
38:21 Husbandry
38:32 Bloodlines
37:44 Light Cavalry
39:39 Imperial Camel Rider
39:41 Hussar
42:19 Thumb Ring
41:36 Heavy Cavalry Archer
41:40 Elite Skirmisher
41:41 Crossbowman
45:46 Chemistry
45:08 Ballistics
66:39 Hand Cart
El Bitcho
10:38 Feudal Age
10:05 Loom
14:46 Man-at-Arms
21:07 Castle Age
19:46 Fletching
20:27 Double-Bit Axe
20:24 Horse Collar
21:11 Town Watch
21:35 Scale Mail Armor
21:45 Forging
22:55 Wheelbarrow
23:00 Bodkin Arrow
26:48 Bow Saw
26:43 Gold Mining
30:13 Caravan
30:52 Heavy Plow
32:06 Hand Cart
32:07 Arson
31:42 Pikeman
32:28 Squires
37:33 Imperial Age
38:01 Halberdier
39:25 Conscription
38:32 Northmen's Fury
41:14 Chain Mail Armor
41:35 Iron Casting
41:57 Siege Engineers
42:05 Masonry
43:01 Plate Mail Armor
45:11 Blast Furnace
44:12 Padded Archer Armor
44:12 Bracer
44:38 Ballistics
45:18 Chemistry
44:28 Fishing Lines
45:16 Elite Skirmisher
46:05 Thumb Ring
47:57 Leather Archer Armor
51:54 Long Swordsman
52:23 Gambesons
58:48 Hamask
58:53 Heavy Scorpion
60:18 Two-Handed Swordsman
61:34 Ring Archer Armor
61:34 Champion
vincent.barre29
0:42 Loom
13:32 Feudal Age
14:17 Horse Collar
14:25 Double-Bit Axe
20:51 Castle Age
19:36 Gold Mining
20:02 Forging
19:53 Scale Mail Armor
21:27 Heavy Plow
21:40 Bow Saw
22:42 Pikeman
23:23 Squires
27:23 Gold Shaft Mining
26:41 Stone Mining
28:59 Fletching
29:45 Iron Casting
30:36 Wheelbarrow
29:48 Town Watch
33:56 Husbandry
34:07 Bloodlines
35:25 Bodkin Arrow
35:47 Chain Mail Armor
35:37 Scale Barding Armor
38:05 Imperial Age
37:05 Caravan
39:46 Chemistry
39:09 Ballistics
38:45 Murder Holes
38:35 Cavalier
40:10 Halberdier
42:00 Blast Furnace
42:42 Two-Man Saw
42:58 Heavy Scorpion
Gosu
2:05 Loom
11:04 Feudal Age
11:33 Double-Bit Axe
14:26 Horse Collar
19:42 Fishing Lines
23:14 Castle Age
22:12 Stone Mining
22:14 Gold Mining
24:17 Gillnets
26:28 Bow Saw
26:24 Heavy Plow
33:12 Caravan
34:40 Wheelbarrow
34:45 Gold Shaft Mining
34:48 Stone Shaft Mining
38:14 Imperial Age
36:48 Fletching
36:58 Padded Archer Armor
36:59 Scale Mail Armor
37:09 Forging
36:57 Elite Skirmisher
37:43 Thumb Ring
39:46 Heavy Rocket Cart
42:29 Two-Man Saw
42:29 Squires
41:49 Pikeman
41:50 Man-at-Arms
42:33 Arson
43:05 Chain Mail Armor
43:25 Iron Casting
43:06 Leather Archer Armor
42:49 Bodkin Arrow
43:17 Ballistics
43:57 Chemistry
42:53 Murder Holes
43:08 Masonry
42:44 Arrowslits
44:07 Conscription
44:15 Halberdier
44:15 Long Swordsman
44:17 Elite Fire Lancer
45:29 Plate Mail Armor
45:31 Rocketry
44:35 Heavy Scorpion
44:36 Capped Ram
45:12 Crossbowman
48:05 Architecture
47:56 Bombard Tower
47:15 Arbalester
47:58 Bracer
48:58 Blast Furnace
48:29 Ring Archer Armor
47:32 Siege Ram
50:06 Great Wall
49:26 Elite Chu Ko Nu
49:37 Sappers
50:23 Fortified Wall
50:43 Two-Handed Swordsman
51:38 Scale Barding Armor
52:52 Champion
55:00 Coinage
60:06 Hand Cart
64:29 Light Cavalry
65:10 Husbandry
65:30 Bloodlines
64:40 Cavalier
65:42 Chain Barding Armor
Anipazronkin
0:29 Loom
14:24 Feudal Age
16:09 Wheelbarrow
15:24 Fishing Lines
15:35 Double-Bit Axe
18:50 Gold Mining
18:51 Stone Mining
27:27 Castle Age
26:38 Fletching
29:14 Hand Cart
28:47 Town Watch
29:15 Bow Saw
29:12 Caravan
30:39 Gillnets
31:24 Town Patrol
39:49 Gold Shaft Mining
40:19 Fortified Wall
40:30 Ballistics
39:50 Treadmill Crane
44:03 Imperial Age
41:44 Scale Barding Armor
43:46 Ordonnance Companies
44:40 Scale Mail Armor
44:51 Forging
44:36 Bodkin Arrow
45:01 Chain Barding Armor
44:42 Padded Archer Armor
45:45 Chemistry
44:41 Murder Holes
45:06 Masonry
45:01 Murder Holes
45:49 Chivalry
46:10 Conscription
46:26 Hoardings
45:20 Pikeman
46:00 Squires
45:46 Arson
46:18 Elite Throwing Axeman
47:38 Chain Mail Armor
49:15 Plate Barding Armor
48:55 Leather Archer Armor
50:14 Cavalier
50:55 Husbandry
51:17 Halberdier
53:08 Paladin
54:29 Plate Mail Armor
54:34 Iron Casting
55:09 Siege Engineers
SnEaKy Tig3r
0:31 Loom
13:31 Feudal Age
20:22 Castle Age
24:14 Wheelbarrow
23:42 Double-Bit Axe
24:06 Horse Collar
24:29 Horse Collar
25:27 Gold Mining
25:52 Stone Mining
30:50 Bow Saw
31:06 Heavy Plow
31:11 Heavy Plow
32:15 Stone Shaft Mining
32:06 Hand Cart
33:02 Forging
32:54 Scale Mail Armor
36:04 Imperial Age
34:48 Iron Casting
34:38 Chain Mail Armor
36:49 Anarchy
36:10 Elite Huskarl
36:21 Pikeman
38:07 Blast Furnace
38:52 Chemistry
38:53 Halberdier
天皇陛下孙笑川
0:52 Loom
12:01 Feudal Age
13:20 Double-Bit Axe
18:34 Castle Age
17:37 Horse Collar
19:45 Bow Saw
24:42 Wheelbarrow
26:58 Gold Mining
27:35 Heavy Plow
28:10 Fervor
28:29 Caravan
34:39 Imperial Age
32:37 Hand Cart
32:40 Masonry
32:29 Murder Holes
33:26 Stone Mining
33:49 Fortified Wall
33:19 Vendel Legacy
34:27 Squires
34:15 Arson
34:49 Forging
34:39 Scale Mail Armor
34:45 Scale Barding Armor
34:41 Padded Archer Armor
34:32 Fletching
36:00 Conscription
36:23 Stone Shaft Mining
37:23 Two-Man Saw
35:50 Elite Varangian Guard
38:47 Iron Casting
38:27 Chain Mail Armor
38:49 Chain Barding Armor
39:56 Architecture
41:00 Plate Mail Armor
41:31 Blast Furnace
40:20 Town Watch
41:08 Crop Rotation
40:36 Treadmill Crane
41:58 Chemistry
41:05 Gothikon
44:40 Plate Barding Armor
44:23 Bodkin Arrow
44:04 Pikeman
46:20 Town Patrol
46:04 Halberdier
46:21 Onager
48:03 Elite Jarl
48:27 Capped Ram
54:01 Gambesons
55:21 Coinage
57:12 Siege Ram
iamlegolas312
0:27 Loom
10:56 Feudal Age
12:28 Fishing Lines
12:36 Double-Bit Axe
13:23 Horse Collar
20:28 Castle Age
19:40 Stone Mining
19:49 Gold Mining
21:49 Bow Saw
21:44 Heavy Plow
23:13 Caravan
24:08 Gold Shaft Mining
24:11 Stone Shaft Mining
26:03 Grand Trunk Road
27:00 Wheelbarrow
28:14 Hand Cart
27:55 Gillnets
31:55 Imperial Age
34:08 Forging
34:04 Scale Barding Armor
34:01 Scale Mail Armor
33:23 Elite Ghulam
34:28 Conscription
34:09 Shatagni
36:22 Chemistry
37:51 Iron Casting
37:32 Chain Mail Armor
37:08 Fletching
37:23 Town Watch
38:39 Town Patrol
40:10 Blast Furnace
39:24 Masonry
39:09 Murder Holes
38:46 Elite Skirmisher
39:32 Thumb Ring
40:18 Squires
40:04 Arson
40:42 Bodkin Arrow
40:47 Padded Archer Armor
40:54 Scale Barding Armor
42:46 Bracer
43:29 Hoardings
44:09 Leather Archer Armor
44:35 Chain Barding Armor
46:37 Ring Archer Armor
46:21 Bloodlines
46:11 Husbandry
45:33 Heavy Camel Rider
49:12 Imperial Camel Rider
49:12 Light Cavalry
51:34 Plate Barding Armor
52:20 Hussar
Connection lost

Rejoining the realm…

Still unreachable

The connection could not be restored.

Session expired

The server has moved on; the page needs a fresh start.